 Dungeon Crawl Stone Soup version 0.31-a0-321-g19405a7a6a (webtiles) character file.

Game seed: 13637124351550117983

2991 LustLizard the Grappler (level 9, -3/62 HPs)
             Began as an Octopode Shapeshifter on July 18, 2023.
             Was an Initiate of Wu Jian.
             Slain by an acid dragon (13 damage)
             ... on level 8 of the Dungeon.
             The game lasted 00:19:04 (8156 turns).

LustLizard the Grappler (Octopode Shapeshifter)     Turns: 8156, Time: 00:19:05

Health: -3/62      AC:  1    Str: 17    XL:     9   Next: 83%
Magic:  9/9        EV: 13    Int: 12    God:    Wu Jian [......]
Gold:   430        SH:  0    Dex: 12    Spells: 6/8 levels left

rFire   + +          .
                       - Unarmed
rCold   + . .        (no shield)
rNeg    + . .        (helmet currently unavailable)
rPois   +            (no amulet)
rElec   +            t - ring of protection from fire
rCorr   +            s - ring of positive energy
SInv    .            (no ring)
Will    .....        (no ring)
Stlth   ++           (no ring)
HPRegen 0.30/turn    (no ring)
MPRegen 0.11/turn    (no ring)
                     (no ring)

%: no passive effects
@: beast-form, resistant, studying Polearms, invisible
A: beast (slay +4), almost no armour, amphibious, 8 rings, camouflage 1,
gelatinous body 1, (nimble swimmer 1), tentacles
a: Begin Untransformation, Renounce Religion


You were on level 8 of the Dungeon.
You worshipped Wu Jian.
Wu Jian was noncommittal.
You were a hulking beast.
You visited 2 branches of the dungeon, and saw 9 of its levels.

You collected 430 gold pieces.

Inventory:

Missiles
 e - 19 poisoned darts
Jewellery
 g - a ring of protection from fire
 s - a ring of positive energy (right tentacle)
 t - a ring of protection from fire (left tentacle)
 y - an amulet of magic regeneration
 D - a ring of ice
 E - a ring of fire
Talismans
 b - a beast talisman
 q - a blade talisman
Wands
 v - a wand of iceblast (3) (quivered)
 C - a wand of charming (8)
Scrolls
 c - a scroll of enchant armour
 f - 2 scrolls of amnesia
 h - 2 scrolls of noise {unknown}
 i - 3 scrolls of identify
 j - a scroll of teleportation
 k - a scroll of revelation {unknown}
 m - a scroll of summoning {unknown}
 p - 2 scrolls of fog {unknown}
 r - 4 scrolls of vulnerability {unknown}
 w - a scroll of blinking {unknown}
 A - a scroll of fear {unknown}
 G - a scroll of immolation {unknown}
Potions
 a - 2 potions of lignification
 d - a potion of might
 l - 4 potions of brilliance
 n - 3 potions of cancellation
 o - 3 potions of curing
 B - a potion of heal wounds {unknown}


   Skills:
 + Level 6.2 Fighting
 - Level 2.0 Dodging
 * Level 8.8 Unarmed Combat
 + Level 6.3 Poison Magic
 * Level 6.1 Shapeshifting


You had 6 spell levels left.
You knew the following spells:

 Your Spells              Type           Power      Damage    Failure   Level
a - Poisonous Vapours     Pois/Air       14%        N/A       14%         2

Your spell library contained the following spells:

 Spells                   Type           Power      Damage    Failure   Level
 Sting                    Tmut/Pois      28%        1d4       10%         1
 Olgreb's Toxic Radiance  Pois           15%        N/A       26%         4
 Summon Small Mammal      Summ           0%         N/A       32%         1
 Scorch                   Fire           0%         2d5       45%         2
 Call Canine Familiar     Summ           0%         N/A       69%         3
 Portal Projectile        Hex/Tloc       0%         N/A       69%         3
 Summon Guardian Golem    Hex/Summ       0%         N/A       69%         3
 Tukima's Dance           Hex            0%         N/A       69%         3
 Flame Wave               Conj/Fire      0%         2d4       97%         4
 Iskenderun's Mystic Bla  Conj/Tloc      0%         2d3       97%         4
 Fireball                 Conj/Fire      0%         3d3       100%        5
 Iskenderun's Battlesphe  Conj           0%         2d6       100%        5
 Conjure Ball Lightning   Conj/Air       0%         3x3d6     100%        6
 Summon Cactus Giant      Summ           0%         N/A       100%        6
 Orb of Destruction       Conj           0%         9d5       100%        7


Dungeon Overview and Level Annotations

Branches:
Dungeon (8/15)             Temple (1/1) D:7
   Lair: D:8-11

Altars:
Ashenzari
Dithmenos
Gozag
Hepliaklqana
Kikubaaqudgha
Makhleb
Nemelex Xobeh
Qazlal
Ru
Sif Muna
Trog
Vehumet
Wu Jian
Xom
Yredelemnul
Zin
The Shining One

Shops:
D:6 =

Annotations:
D:2 1 runed translucent door, Crazy Yiuf
D:6 exclusion: jelly
D:7 2 transporters, HilariousDeathArtist's ghost, novice OgHs


Innate Abilities, Weirdness & Mutations

You are a hulking beast.
Your limbs bulge with bestial killing power. (Slay +4)
You cannot wear most types of armour.
You are amphibious.
You can wear up to eight rings at the same time.
Your skin changes colour to match your surroundings (Stealth+).
Your rubbery body absorbs attacks. (AC +1, EV +1)
((You are camouflaged when in or above water. (Stealth+)))
You have tentacles for arms and can constrict up to eight enemies at once.


Message History

The Council accepts your kill.
Things that are here:
a +0 club; 3 stones HP restored.
e - 19 poisoned darts (gained 8)
You see here a +0 club.
Things that are here:
a +0 dagger; a +0 robe You now have 430 gold pieces (gained 12).
Things that are here:
a +0 dagger; a +0 robe; a kobold corpse An acid dragon comes into view.
The acid dragon roars!
You closely miss the acid dragon. You squeeze the acid dragon.
The acid dragon is moderately wounded.
The acid dragon spits acid at you. The splash of acid hits you!!
Ouch! That really hurt!
You barely miss the acid dragon. Your squeeze misses the acid dragon.
The acid dragon is moderately wounded.
The acid dragon closely misses you. The acid dragon claws you.
You tentacle-slap the acid dragon but do no damage.
The acid dragon is moderately wounded.
The acid dragon bites you!
* * * LOW HITPOINT WARNING * * *
The acid dragon claws you.
* * * LOW HITPOINT WARNING * * *
Unknown command.
Okay, then.
It was a potion of magic.
Magic courses through your body. The acid dragon bites you.
* * * LOW HITPOINT WARNING * * *
The acid dragon barely misses you.
It was a potion of resistance.
You feel protected. The acid dragon closely misses you. x2
It was a potion of invisibility.
You fade into invisibility!
The acid dragon bites you!
You die...

#............# #.
#............# #.
#............# ####..
#............# ......
##........#..# . ......#
##.......#... #
#.....### ###.........
##.......### ###..!....
#.....Dh...## ###.....
#...........### ##..)...
....#.........###)....#.
... #..........#))...##.
. #...................
#..............#####
#...........####
#..........##
#.........##


You could see an acid dragon (unable to see you).

Vanquished Creatures
  Joseph (D:7)
  2 kobold demonologists (D:8)
  Grinder (D:4)
  A yak (D:8)
  A steam dragon (D:7)
  2 water moccasins (D:6)
  An acid dragon (D:7)
  2 ice beasts (D:6)
  2 ogres (D:6)
  A centaur (D:8)
  A kobold brigand (D:8)
  A scorpion (D:6)
  2 bullfrogs
  4 wights (D:7)
  A jelly (D:7)
  3 hounds
  3 iguanas
  A sleepcap (D:7)
  Jessica (D:2)
  2 orc wizards
  A gnoll (D:1)
  6 adders
  2 white imps
  3 ufetubi
  4 dart slugs
  2 worms
  8 orcs
  7 endoplasms
  3 giant cockroaches
  6 goblins
  8 hobgoblins
  11 jackals
  4 quokkas
  9 ball pythons
  6 bats
  3 frilled lizards
  9 kobolds
  3 rats
128 creatures vanquished.

Notes
Turn   | Place    | Note
-------+----------+-------------------------------------------
     0 | D:1      | LustLizard the Octopode Shapeshifter began the quest for
                  | the Orb.
     0 | D:1      | Reached XP level 1. HP: 14/14 MP: 1/1
   111 | D:1      | Reached XP level 2. HP: 14/19 MP: 2/2
   576 | D:1      | Reached XP level 3. HP: 23/25 MP: 3/3
   759 | D:1      | Reached skill level 3 in Unarmed Combat
  1181 | D:2      | Noticed Jessica
  1232 | D:2      | Found a runed translucent door.
  1233 | D:2      | Noticed Crazy Yiuf
  1299 | D:2      | Killed Jessica
  1300 | D:2      | Reached XP level 4. HP: 25/30 MP: 4/4
  2179 | D:3      | Learned a level 2 spell: Poisonous Vapours
  2208 | D:3      | Reached XP level 5. HP: 33/36 MP: 5/5
  2597 | D:4      | Reached skill level 4 in Unarmed Combat
  2726 | D:4      | Noticed Grinder
  2730 | D:4      | Paralysed by Grinder for 4 turns
  2741 | D:4      | Killed Grinder
  2742 | D:4      | Reached XP level 6. HP: 42/42 MP: 6/6
  3081 | D:4      | Reached skill level 5 in Unarmed Combat
  3306 | D:4      | Reached XP level 7. HP: 47/47 MP: 7/7
  3340 | D:5      | Entered Level 5 of the Dungeon
  4207 | D:6      | Found Molieg's Jewellery Shoppe.
  4220 | D:6      | Reached skill level 6 in Unarmed Combat
  4280 | D:6      | Reached XP level 8. HP: 38/54 MP: 8/8
  5396 | D:7      | Found a staircase to the Ecumenical Temple.
  5403 | Temple   | Entered the Ecumenical Temple
  5518 | Temple   | Became a worshipper of the Wu Jian Council
  5626 | D:7      | Found a transporter.
  5630 | D:7      | Noticed HilariousDeathArtist's ghost (novice OgHs)
  5675 | D:7      | Reached skill level 5 in Fighting
  5901 | D:7      | Reached skill level 7 in Unarmed Combat
  6142 | D:7      | Reached skill level 5 in Shapeshifting
  6559 | D:7      | Reached skill level 5 in Poison Magic
  6562 | D:7      | Reached XP level 9. HP: 61/61 MP: 9/9
  6803 | D:7      | Noticed Joseph
  6809 | D:7      | Killed Joseph
  6810 | D:7      | Reached skill level 8 in Unarmed Combat
  7161 | D:7      | Found a transporter.
  7165 | D:7      | Noticed a moth of wrath
  7929 | D:8      | Noticed a kobold demonologist
  8111 | D:8      | Noticed a kobold demonologist
  8114 | D:8      | Killed a kobold demonologist
  8118 | D:8      | Killed a kobold demonologist
  8156 | D:8      | Slain by an acid dragon

Illustrated notes

Levels and vault maps discovered:
D:1:      dpeg_arrival_another_circle, layout_loops_ring
D:2:      layout_rooms, grunt_ministairs_13, kennysheep_boxes, uniq_jessica,
          uniq_crazy_yiuf_cottage
D:3:      layout_loops_cross
D:4:      corexii_shack_village, layout_basic, minmay_manual_macuahuitl,
          uniq_grinder
D:5:      layout_cave_pools
D:6:      layout_basic, serial_shops, nicolae_shop_gibbet_a_chance
D:7:      layout_loops_cross, minmay_temple_entry_grid,
          gammafunk_ghost_berserking_beasts, serial_co_window_serial,
          co_window_corner_a, co_window_of_opportunity_a, co_window_paths_a,
          co_window_corner_a, co_window_corner_a, co_window_paths_a,
          co_window_corner_a, co_window_2corner, co_window_unsneaky_path_b,
          co_window_corner_cb, co_window_unsneaky_path_d, co_window_4corner_a,
          glass_columns_c, glass_columns_a, glass_columns_c, glass_columns_c,
          glass_columns_a, minmay_misc_feat_pillars, uniq_joseph
D:8:      layout_cave_pods
Temple:   minmay_crystal_spiral_temple

Skill      XL: |  1  2  3  4  5  6  7  8  9 |
---------------+----------------------------+-----
Unarmed Combat | 3 4 5 6 7 8 |  8.8
Fighting       | 3 4 5 6 |  6.2
Poison Magic   | 2 3 5 6 |  6.3
Shapeshifting  | 4 5 6 |  6.1
Dodging        | |  2.0

Action                     |  1- 3 |  4- 6 |  7- 9 || total
---------------------------+-------+-------+-------++-------
  Melee: Unarmed           |    73 |    85 |   107 ||   265
         Constrict         |    22 |    28 |    24 ||    74
         Punch             |     4 |     2 |     8 ||    14
         Tentacles         |     6 |    16 |    28 ||    50
   Cast: Poisonous Vapours |       |       |    16 ||    16
Ability: Lunge             |       |       |     2 ||     2
  Evoke: Wand              |       |       |     5 ||     5
    Use: Scroll            |       |     6 |     5 ||    11
         Potion            |       |     1 |     5 ||     6
   Stab: Sleeping          |     4 |    10 |     5 ||    19
         Distracted        |       |     1 |       ||     1
 Armour: Skin              |    15 |     5 |     3 ||    23
  Dodge: Dodged            |    79 |    39 |    56 ||   174

Table legend: (Time is in decaauts)
 A = Elapsed time spent in this place.
 B = Non-inter-level travel time spent in this place.
 C = Inter-level travel time spent in this place.
 D = Time resting spent in this place.
 E = Time spent auto-exploring this place.
 F = Levels seen in this place.
 G = Mean time per level.
                   A        B        C        D        E       F      G
               +--------+--------+--------+--------+--------+-----+--------+
         Total |   8113 |   7489 |    624 |    968 |   5257 |   9 |  901.4 |
       Dungeon |   7916 |   7439 |    477 |    968 |   5257 |   8 |  989.5 |
        Temple |    196 |     49 |    147 |      0 |      0 |   1 |  196.0 |
               +--------+--------+--------+--------+--------+-----+--------+

Top non-repeatable levels by time:
     D:7: 2040 daAuts
     D:6: 1501 daAuts
     D:1: 1010 daAuts
     D:4: 885 daAuts
     D:3: 736 daAuts
     D:2: 697 daAuts
     D:8: 566 daAuts
     D:5: 478 daAuts
  Temple: 196 daAuts
